 Dungeon Crawl Stone Soup version 0.29-a0-542-g075992c915 (webtiles) character file.

Game seed: 14730693249712459304

64 Zonian the Sneak (level 3, -8/16 HPs)
             Began as a Spriggan Conjurer on June 4, 2022.
             Was a Believer of Sif Muna.
             Mangled by Crazy Yiuf
             ... wielding a +3 quarterstaff of chaos
              (12 damage)
             ... on level 2 of the Dungeon.
             The game lasted 00:03:28 (2361 turns).

Zonian the Sneak (Spriggan Conjurer)                Turns: 2361, Time: 00:03:28

Health: -8/16      AC:  2    Str:  5    XL:     3   Next: 91%
Magic:  5/8        EV: 17    Int: 19    God:    Sif Muna [**....]
Gold:   108        SH:  0    Dex: 13    Spells: 3/8 levels left

rFire   . . .      SeeInvis +   f - +0 dagger
rCold   . . .      Faith    .   (no shield)
rNeg    . . .      Spirit   .   a - +0 robe
rPois   .          Reflect  .   (helmet restricted)
rElec   .          Harm     .   (no cloak)
rCorr   .          Rampage  .   (gloves unavailable)
Will    .....                   (boots unavailable)
Stlth   +++.......              j - amulet of the acrobat
HPRegen 0.05/turn               (no ring)
MPRegen 0.11/turn               (no ring)

@: very quick
A: very small, no large weapons, unfitting armour, see invisible, speed 3
a: Renounce Religion, Channel Magic


You were on level 2 of the Dungeon.
You worshipped Sif Muna.
Sif Muna was pleased with you.
You visited 1 branch of the dungeon, and saw 2 of its levels.

You collected 108 gold pieces.

Inventory:

Hand Weapons
 f - a +0 dagger (weapon)
Armour
 a - a +0 robe (worn)
Jewellery
 j - an amulet of the acrobat (around neck)
 o - an amulet of faith
Scrolls
 c - a scroll of immolation {unknown}
 d - a scroll of silence {unknown}
 g - 2 scrolls of teleportation {unknown}
 h - a scroll of identify {unknown}
 i - a scroll of magic mapping {unknown}
 m - a scroll of fear {unknown}
Potions
 b - a potion of magic
 e - a potion of resistance {unknown}
 k - 4 potions of curing {unknown}
 l - 3 potions of heal wounds {unknown}
 n - a potion of attraction {unknown}


   Skills:
 + Level 3.7 Dodging
 + Level 4.2 Stealth
 + Level 3.4 Spellcasting
 + Level 3.2 Conjurations
 + Level 0.0 Hexes


You had 3 spell levels left.
You knew the following spells:

 Your Spells              Type           Power      Damage    Failure   Level
a - Magic Dart            Conj           60%        1d6       3%          1
b - Searing Ray           Conj           30%        2d5       6%          2
c - Ensorcelled Hibernat  Hex/Ice        6%         N/A       22%         2

Your spell library contained the following spells:

 Spells                   Type           Power      Damage    Failure   Level
 Dazzling Flash           Conj/Hex       18%        N/A       22%         3
 Spider Form              Tmut/Pois      3%         N/A       41%         3
 Fulminant Prism          Conj/Hex       4%         3d6       58%         4
 Iskenderun's Mystic Bla  Conj/Tloc      9%         2d4       58%         4
 Anguish                  Hex/Necr       1%         N/A       82%         4


Dungeon Overview and Level Annotations

Branches:
Dungeon (2/15)

Altars:
Sif Muna

Annotations:
D:2 Crazy Yiuf


Innate Abilities, Weirdness & Mutations

You are very small and have problems with some larger weapons.
You are too small for most types of armour.
You have supernaturally acute eyesight. (SInv)
You cover ground extremely quickly. (Speed+++)


Message History

The magic dart hits the ball python.
You kill the ball python!
Sif Muna accepts your kill.
You can't see any susceptible monsters within range! (Use Z to cast anyway.) Unknown command.
You see here a ball python corpse.
Found a mace.
Found a runed translucent door.
Crazy Yiuf shouts!
You see here a ball python corpse.
You see here a ball python corpse.
Unknown command.
You open the door.
Crazy Yiuf laughs, "Liver broken King!"
Unknown command.
The magic dart hits Crazy Yiuf but does no damage.
Crazy Yiuf hits you with a +3 quarterstaff of chaos!
Ouch! That really hurt!
* * * LOW HITPOINT WARNING * * *
You resist with some effort.
You are too injured to fight recklessly!
You are too injured to fight recklessly!
Unknown command.
Casting: Magic Dart (safe; 3% risk of failure)
Confirm with . or Enter, or press ? or * to list all spells.
Aiming: Magic Dart (safe; 3% risk of failure)
Press: ? - help, Shift-Dir - straight line, f/p - Crazy Yiuf
Aim: Crazy Yiuf, wielding a +3 quarterstaff of chaos and wearing a +0 cloak (100% to hit)
The magic dart hits Crazy Yiuf but does no damage.
Crazy Yiuf barely misses you.
Unknown command.
Casting: Magic Dart (safe; 3% risk of failure)
Confirm with . or Enter, or press ? or * to list all spells.
Aiming: Magic Dart (safe; 3% risk of failure)
Press: ? - help, Shift-Dir - straight line, f/p - Crazy Yiuf
Aim: Crazy Yiuf, wielding a +3 quarterstaff of chaos and wearing a +0 cloak (100% to hit)
The magic dart hits Crazy Yiuf.
Crazy Yiuf is lightly wounded.
Crazy Yiuf hits you with a +3 quarterstaff of chaos!
Ouch! That really hurt!
You die...

#...........................
#.####################.##...
#.# #.......... #.#
##...#..... #.# #...#...##
#.###♣♣♣♣♣ #.....###
#.#....♣.♣♣♣ ### #...###
#.†..P..♣..♣#...# #...#
#......♣♣♣♣@g...# #...#
##...P♣♣ ♣♣#..)# #...#
####♣♣ ### #####


You could see Crazy Yiuf.

Vanquished Creatures
  2 adders (D:2)
  A dart slug (D:2)
  An orc (D:2)
  6 ball pythons
  3 endoplasms
  3 giant cockroaches (D:1)
  5 goblins
  4 hobgoblins
  2 quokkas
  5 bats
  6 frilled lizards
  2 kobolds
  3 rats
43 creatures vanquished.

Vanquished Creatures (others)
  A fungus (D:2)
1 creature vanquished.

Grand Total: 44 creatures vanquished

Notes
Turn   | Place    | Note
-------+----------+-------------------------------------------
     0 | D:1      | Zonian the Spriggan Conjurer began the quest for the Orb.
     0 | D:1      | Reached XP level 1. HP: 9/9 MP: 5/5
   276 | D:1      | Reached XP level 2. HP: 13/13 MP: 4/7
   779 | D:1      | Found a faded altar of an unknown god.
   790 | D:1      | Prayed at the altar of an unknown god.
   790 | D:1      | Became a worshipper of Sif Muna the Loreminder
   790 | D:1      | Reached * piety under Sif Muna
  1090 | D:2      | Reached XP level 3. HP: 16/16 MP: 4/8
  1433 | D:2      | Learned a level 2 spell: Searing Ray
  1522 | D:2      | Reached skill level 4 in Stealth
  1760 | D:2      | Learned a level 2 spell: Ensorcelled Hibernation
  1916 | D:2      | Reached ** piety under Sif Muna
  2232 | D:2      | Found a runed translucent door.
  2233 | D:2      | Noticed Crazy Yiuf
  2361 | D:2      | Mangled by Crazy Yiuf

Illustrated notes

Levels and vault maps discovered:
D:1:      lightli_arrival_isolated_outpost, layout_basic,
          dreamdust_ecumenical_altar_statues, minivault_23
D:2:      layout_rooms, uniq_crazy_yiuf_cottage

Skill      XL: |  1  2  3 |
---------------+----------+-----
Conjurations   | 3 |  3.2
Dodging        | 3 |  3.7
Spellcasting   | 3 |  3.4
Stealth        | 4 |  4.2

Action                   || total
-------------------------++-------
Melee: Dagger            ||     8
 Cast: Magic Dart        ||    98
Armor: Robe              ||     3
Dodge: Dodged            ||    15

Table legend: (Time is in decaauts)
 A = Elapsed time spent in this place.
 B = Non-inter-level travel time spent in this place.
 C = Inter-level travel time spent in this place.
 D = Time resting spent in this place.
 E = Time spent auto-exploring this place.
 F = Levels seen in this place.
 G = Mean time per level.
                   A        B        C        D        E       F      G
               +--------+--------+--------+--------+--------+-----+--------+
         Total |   1934 |   1930 |      4 |    388 |   1306 |   2 |  967.0 |
       Dungeon |   1934 |   1930 |      4 |    388 |   1306 |   2 |  967.0 |
               +--------+--------+--------+--------+--------+-----+--------+

Top non-repeatable levels by time:
     D:1: 1084 daAuts
     D:2: 850 daAuts
